 Dungeon Crawl Stone Soup version 0.27.0-1-g7a089689b8 (webtiles) character file.

Game seed: 4666688759289619104

193566 Kinoniko the Severer (level 18, -1/155 HPs)
             Began as a Demonspawn Berserker on Aug 6, 2021.
             Was the Champion of Trog.
             Slain by a naga (4 damage)
             ... on level 4 of the Snake Pit.
             The game lasted 00:51:15 (31893 turns).

Kinoniko the Severer (Demonspawn Berserker)        Turns: 31893, Time: 00:51:16

Health: -1/155     AC: 32    Str: 31    XL:     18   Next: 7%
Magic:  9/9        EV: 20    Int:  8    God:    Trog [******]
Gold:   2228       SH: 11    Dex: 24    Spells: 17/17 levels left

rFire    + . .     SeeInvis .   G - +2 broad axe (flame)
rCold    + + +     Faith    +   v - +3 warlock's mirror {reflect}
rNeg     . . .     Spirit   .   Q - +8 plate armour of the Shining Light {Str+8 Int-3}
rPois    +         Reflect  +   y - +2 helmet {Int+3}
rElec    +         Harm     .   J - scarf {rC+ rF+}
rCorr    .         Rampage  .   (gloves unavailable)
Will     +....                  k - +2 pair of boots
Stlth    ..........             e - amulet of faith
HPRegen  0.35/turn              N - ring "Deinkaig" {rElec EV+4}
MPRegen  0.11/turn              z - ring "Fipis" {rPois rC++ MP-9 Str+2 Dex+6}

@: agile, constricted, studying Throwing
A: claws 3, slimy green scales 3, powered by pain 2, demonic magic 2, corrupting
presence 1
a: Renounce Religion, Berserk, Trog's Hand, Brothers in Arms


You were on level 4 of the Snake Pit.
You worshipped Trog.
Trog was exalted by your worship.
You visited 4 branches of the dungeon, and saw 27 of its levels.
You also visited: Sewer, Bailey and Gauntlet.

You collected 3320 gold pieces.
You spent 1092 gold pieces at shops.

Inventory:

Hand Weapons
 G - a +2 broad axe of flaming (weapon)
 S - the +8 halberd of the Ass {drain, rPois rCorr Int+5}
   (You found it on level 3 of the Lair of Beasts)

   A truly terrible weapon, it drains the life of any living foe it strikes.
   Int:       It affects your intelligence (+5).
   rPois:     It protects you from poison.
   rCorr:     It protects you from acid and corrosion.
Missiles
 a - a throwing net (quivered)
Armour
 g - the +2 buckler of the Bull {Will+ Str+2 SInv}
   (You found it in a Gauntlet)

   Str:       It affects your strength (+2).
   SInv:      It lets you see invisible.
   Will:      It increases your willpower.
 k - a +2 pair of boots (worn)
 u - the +5 acid dragon scales "Diloim" {rF- Will- rCorr Str+6 Int+9}
   (You took it off a minotaur in a Gauntlet)

   Str:       It affects your strength (+6).
   Int:       It affects your intelligence (+9).
   rF:        It makes you vulnerable to fire.
   rCorr:     It protects you from acid and corrosion.
   Will:      It decreases your willpower.
 v - the +3 warlock's mirror (worn) {reflect}
   (You bought it in a shop on level 1 of the Snake Pit)

   It can block and reflect piercing ranged attacks and magical attacks against
   the wielder's willpower.
 y - a +2 helmet of intelligence (worn)
 J - a scarf of resistance (worn)
 O - the -1 helmet of the Barnacle {rC+ Will++ Str+4 Slay-3}
   (You bought it in a shop on level 1 of the Snake Pit)

   Str:       It affects your strength (+4).
   Slay:      It affects your accuracy & damage with ranged weapons and melee
   (-3).
   rC:        It protects you from cold.
   Will:      It greatly increases your willpower.
 Q - the +8 plate armour of the Shining Light (worn) {Str+8 Int-3}
   (You found it in a Gauntlet)

   Str:       It affects your strength (+8).
   Int:       It affects your intelligence (-3).
Jewellery
 e - an amulet of faith (around neck)
 j - a ring of willpower
 n - a ring of protection from cold
 o - a ring of willpower
 z - the ring "Fipis" (right claw) {rPois rC++ MP-9 Str+2 Dex+6}
   (You found it on level 7 of the Dungeon)

   [ring of dexterity]

   Str:       It affects your strength (+2).
   Dex:       It affects your dexterity (+6).
   rC:        It greatly protects you from cold.
   rPois:     It protects you from poison.
   MP:        It affects your magic capacity (-9).
 A - a +4 ring of protection
 I - a ring of protection from fire
 K - the ring "Lusookh" {Fire Str+4}
   (You found it in a Gauntlet)

   [ring of fire]

   It enhances your fire magic.
   Str:       It affects your strength (+4).
   rF:        It protects you from fire.
   rC:        It makes you vulnerable to cold.
 N - the ring "Deinkaig" (left claw) {rElec EV+4}
   (You took it off a minotaur in a Gauntlet)

   [ring of evasion]

   EV:        It affects your evasion (+4).
   rElec:     It insulates you from electricity.
 U - a ring of protection from cold
Wands
 m - a wand of polymorph (50)
 t - a wand of acid (3)
 B - a wand of iceblast (27)
 C - a wand of flame (32)
 L - a wand of mindburst (15)
 X - a wand of paralysis (3)
 Y - a wand of charming (14)
Scrolls
 b - 5 scrolls of blinking
 d - 4 scrolls of fog
 f - 2 scrolls of fear
 i - 11 scrolls of teleportation
 l - 4 scrolls of magic mapping
 p - a scroll of immolation
 q - 6 scrolls of identify
 D - 3 scrolls of silence
 F - 8 scrolls of holy word
 Z - a scroll of summoning
Potions
 c - a potion of attraction
 r - 3 potions of haste
 s - 6 potions of magic
 w - 2 potions of resistance
 x - a potion of invisibility
 E - 2 potions of might
 H - a potion of mutation
 M - 5 potions of ambrosia
 P - 3 potions of heal wounds
 R - 2 potions of flight
 T - 6 potions of lignification
 V - 2 potions of cancellation
 W - 4 potions of curing
Miscellaneous
 h - a condenser vane


   Skills:
 * Level 17.6 Fighting
 - Level 18.9 Axes
 - Level 8.0 Armour
 - Level 8.9 Dodging
 * Level 9.4 Shields


You had 17 spell levels left.
You didn't know any spells.
Your spell library contained the following spells:

 Spells                   Type           Power      Damage    Failure   Level
 Blink                    Tloc           N/A        N/A       99%         2
 Slow                     Hex            0%         N/A       99%         2
 Confusing Touch          Hex            0%         N/A       100%        3
 Lesser Beckoning         Tloc           0%         N/A       100%        3
 Blade Hands              Tmut           0%         N/A       100%        5
 Irradiate                Conj/Tmut      0%         3d13      100%        5
 Manifold Assault         Tloc           0%         N/A       100%        5
 Yara's Violent Unravell  Hex/Tmut       0%         3d3       100%        5
 Dragon Form              Tmut           0%         N/A       100%        7


Dungeon Overview and Level Annotations

Branches:
Dungeon (15/15)            Temple (0/1) D:4            Lair (6/6) D:9
 Shoals (0/4) Lair:4        Snake (4/4) Lair:4        Slime (0/5) Lair:6
    Orc (2/2) D:11            Elf (0/3) Orc:2        Vaults (0/5) D:14
 Depths (0/5) D:15          Sewer (visited)          Bailey (visited)
Gauntlet (visited)

Altars:
Dithmenos
Makhleb
Qazlal
Sif Muna
Trog
Uskayaw
Wu Jian
Xom
The Shining One
Beogh

Shops:
D:6 *   Orc:2 =?:**?   Snake:1 [*

Portals:
Abyss: Snake:1

Annotations:
Lair:4 3 runed translucent doors, Ceyroiss's ghost, journeyman HuWn
Snake:1 2 transporters, ragnag's ghost, adept DgCj
Snake:2 2 transporters, Dadghomedgh's ghost, adept GnWz


Innate Abilities, Weirdness & Mutations

You have claws for hands.
You are completely covered in slimy green scales. (AC +4, rPois)
You sometimes gain power by taking damage.
Spells you cast may paralyse nearby enemies.
Your presence sometimes corrodes those you injure.


Message History

You are too injured to fight recklessly!
You are too injured to fight recklessly!
Unknown command.
You are too injured to fight recklessly!
Unknown command.
You hit the naga warrior. You burn the naga warrior.
The naga warrior is lightly wounded.
You slice the naga warrior!! You burn the naga warrior.
The naga warrior is moderately wounded.
The naga warrior hits you with a +0 halberd.
You block the naga warrior's attack. The naga completely misses you.
You slash the naga warrior! You burn the naga warrior.
The naga warrior is heavily wounded.
You block the naga warrior's attack. x2
The naga spits poison at you.
The splash of poison hits you but does no damage.
You resist.
You hit the naga warrior. You burn the naga warrior.
The naga warrior is severely wounded.
The naga warrior hits you with a +0 halberd!!
* * * LOW HITPOINT WARNING * * *
You block the naga warrior's attack.
You hit the naga warrior. You burn the naga warrior.
The naga warrior is severely wounded.
The naga hits you from afar with a +4 halberd!
* * * LOW HITPOINT WARNING * * *
You focus on the pain.
You feel more agile all of a sudden.
Unknown command.
You block the naga warrior's attack. The naga warrior barely misses you.
You block the naga's attack. The naga grabs you. The naga constricts you.
Things that are here:
a +0 halberd; a +0 robe; a naga corpse You slice the naga!!
You burn the naga.
The naga is almost dead.
You slash the naga warrior! You burn the naga warrior.
The naga warrior hits you with a +0 halberd!!
* * * LOW HITPOINT WARNING * * *
The naga hits you with a +4 halberd.
You die...

.### #...#
#...##
##...# #...#
#...##
#....##
#.....##
#...)..###
#N@.)....#
#...N.......
#...........
#...........
#.....##.._.
#.(.... ....
#....... ...
##..####. ..


You could see a naga warrior (curare) and a naga (strong).

Vanquished Creatures
  Jorgrun (D:14)
  A frost giant (D:15)
  A nagaraja (Snake:3)
  An orc warlord (Bailey)
  Azrael (D:13)
  A minotaur (Gauntlet)
  Snorg (D:14)
  Josephine (D:13)
  Fannar (D:11)
  4 salamander tyrants (Snake:2)
  2 boulder beetles
  Erolcha (D:13)
  A merfolk avatar (Lair:6)
  7 naga warriors
  3 ogre magi (D:15)
  5 hydras
  8 anacondas
  22 two-headed ogres
  A centaur warrior (D:14)
  2 dancing weapons (D:14)
  4 tengu warriors (D:15)
  7 naga sharpshooters
  2 orc high priests
  6 shock serpents
  6 salamander mystics (Snake:2)
  A fire crab (shapeshifter) (D:14)
  A sixfirhy (Gauntlet)
  4 spectral anacondas (Snake:3)
  2 anaconda zombies (Snake:3)
  3 naga ritualists
  2 sea snakes (Lair:6)
  2 deep trolls (Orc:2)
  3 anaconda skeletons (Snake:3)
  5 deep elf pyromancers
  4 oklob plants (Lair:3)
  15 salamanders
  8 mana vipers
  7 cyclopes
  5 ugly things
  6 manticores
  11 elephants
  2 guardian serpents
  A merfolk siren (Lair:4)
  An eye of devastation (Gauntlet)
  9 naga magi
  16 black mambas
  4 gargoyles
  2 ice statues (D:15)
  19 cane toads
  2 kobold demonologists
  3 rime drakes
  2 efreet
  22 komodo dragons
  8 anaconda simulacra (Snake:3)
  A queen bee (Lair:2)
  3 merfolk (Lair:4)
  10 polar bears
  2 wind drakes (Lair:6)
  3 hornets
  11 trolls
  9 slime creatures
  17 blink frogs
  A snapping turtle (Lair:6)
  2 meliai zombies (D:11)
  6 shadows (Gauntlet)
  5 fire elementals (D:13)
  6 wyverns
  A vampire (D:9)
  65 yaks
  6 wraiths
  A steam dragon (D:8)
  5 vampire mosquitoes
  7 basilisks
  2 acid dragons
  3 wargs
  A hell hound (D:13)
  31 water moccasins
  30 nagas
  A floating eye (Gauntlet)
  A meliai simulacrum (D:12)
  An ice beast (D:6)
  Purgy (Sewer)
  7 black bears
  A sky beast (D:6)
  3 necrophages
  26 orc warriors
  16 ogres
  A boggart (D:15)
  16 centaurs
  27 wolves
  10 bullfrogs
  3 scorpions
  40 killer bees
  8 wights
  5 howler monkeys
  3 electric eels
  2 lava snakes (D:12)
  A bullfrog zombie (D:5)
  5 jellies
  5 centaur zombies
  6 hounds
  3 bullfrog skeletons
  9 orc priests
  Crazy Yiuf (D:3)
  A centaur skeleton (D:4)
  15 iguanas
  13 orc wizards
  A hound skeleton (D:5)
  10 gnolls
  5 adders
  A white imp (D:7)
  4 ufetubi
  A worm (D:3)
  A dart slug (D:1)
  57 orcs
  12 ball pythons
  2 endoplasms (D:2)
  7 giant cockroaches
  32 goblins
  29 hobgoblins
  6 jackals
  2 quokkas
  5 bats
  25 frilled lizards
  7 kobolds
  3 rats (D:3)
929 creatures vanquished.

Vanquished Creatures (collateral kills)
  A sphinx (D:12)
  A dire elephant (Lair:5)
  2 ogre magi (Orc:2)
  3 two-headed ogres
  A tengu warrior (D:15)
  A skeletal warrior (D:12)
  A sea snake (Lair:5)
  A deep elf pyromancer (D:8)
  A troll (Orc:2)
  An acid dragon (D:9)
  9 ogres
  A centaur (D:9)
  5 orc priests (Orc:1)
  An orc wizard (D:9)
  4 orcs
33 creatures vanquished.

Vanquished Creatures (others)
  A salamander mystic (Snake:2)
  An anaconda zombie (Snake:3)
  39 fungi
  67 plants
108 creatures vanquished.

Grand Total: 1070 creatures vanquished

Notes
Turn   | Place    | Note
-------+----------+-------------------------------------------
     0 | D:1      | Kinoniko the Demonspawn Berserker began the quest for the
                  | Orb.
     0 | D:1      | Reached XP level 1. HP: 18/18 MP: 1/1
    64 | D:1      | Reached skill level 3 in Axes
    67 | D:1      | Gained mutation: You are partially covered in slimy green
                  | scales. (AC +2) [demonic ancestry]
    67 | D:1      | Reached XP level 2. HP: 9/24 MP: 2/2
   712 | D:1      | Gained mutation: Spells you cast may paralyse adjacent
                  | enemies. [demonic ancestry]
   712 | D:1      | Reached XP level 3. HP: 23/29 MP: 3/3
   793 | D:1      | Reached ** piety under Trog
  1375 | D:2      | Reached skill level 4 in Axes
  1390 | D:2      | You fall into a shaft and drop 1 floor!
  1427 | D:3      | Reached skill level 1 in Shields
  1628 | D:3      | Reached XP level 4. HP: 35/35 MP: 4/4
  2085 | D:3      | Found a runed translucent door.
  2086 | D:3      | Noticed Crazy Yiuf
  2123 | D:3      | Found an ornate altar of the Wu Jian Council.
  2523 | D:3      | Found a faded altar of an unknown god.
  2663 | D:3      | Gained mutation: You have sharp fingernails. [demonic
                  | ancestry]
  2663 | D:3      | Reached XP level 5. HP: 41/41 MP: 5/5
  2805 | D:3      | Reached *** piety under Trog
  3063 | D:3      | Killed Crazy Yiuf
  3064 | D:3      | Reached skill level 5 in Axes
  3271 | D:4      | Noticed a necrophage
  3281 | D:4      | Killed a necrophage
  3282 | D:4      | Reached XP level 6. HP: 47/47 MP: 6/6
  3437 | D:4      | Found a staircase to the Ecumenical Temple.
  3872 | D:4      | Reached skill level 6 in Axes
  3957 | D:5      | Entered Level 5 of the Dungeon
  4376 | D:5      | Reached XP level 7. HP: 25/52 MP: 7/7
  4899 | D:5      | Reached **** piety under Trog
  4979 | D:5      | Reached skill level 7 in Axes
  5283 | D:5      | Reached skill level 8 in Axes
  5283 | D:5      | Gained mutation: You sometimes gain a little power by
                  | taking damage. [demonic ancestry]
  5283 | D:5      | Reached XP level 8. HP: 52/58 MP: 8/8
  5791 | D:6      | Found a glowing drain.
  5826 | Sewer    | Entered a sewer
  5917 | Sewer    | Noticed Purgy
  5937 | Sewer    | Killed Purgy
  6170 | D:6      | Found Qiuvverr's Overcharged Wands.
  6185 | D:6      | Reached skill level 9 in Axes
  6463 | D:6      | Reached skill level 10 in Axes
  6639 | D:6      | Reached XP level 9. HP: 58/63 MP: 9/9
  6757 | D:7      | Reached ***** piety under Trog
  7022 | D:7      | Found a hide-covered altar of Uskayaw.
  7131 | D:7      | Reached skill level 11 in Axes
  7246 | D:7      | Identified the ring "Fipis" {rPois rC++ MP-9 Str+2 Dex+6}
  7786 | D:8      | Noticed a deep elf pyromancer
  7793 | D:8      | Killed a deep elf pyromancer
  8072 | D:8      | Reached skill level 12 in Axes
  8447 | D:9      | Received a gift from Trog
  8452 | D:9      | Gained mutation: You have very sharp fingernails. [demonic
                  | ancestry]
  8452 | D:9      | Reached XP level 10. HP: 70/70 MP: 1/10
  8506 | D:9      | HP: 1/70 [acid (8)]
  8955 | D:9      | Noticed a two-headed ogre
  8960 | D:9      | Killed a two-headed ogre
  9081 | D:9      | Found a staircase to the Lair.
  9294 | D:9      | Found a stormy altar of Qazlal.
  9338 | D:10     | Entered Level 10 of the Dungeon
  9353 | D:10     | Reached skill level 13 in Axes
  9498 | D:10     | Reached skill level 5 in Fighting
  9549 | D:10     | Found a burning altar of Makhleb.
  9549 | D:10     | Found a bloodstained altar of Trog.
  9557 | D:10     | Found a shimmering blue altar of Sif Muna.
  9559 | D:10     | Found a shadowy altar of Dithmenos.
  9561 | D:10     | Found a faded altar of an unknown god.
  9615 | D:10     | Noticed a gargoyle
  9617 | D:10     | Noticed a red ugly thing
  9621 | D:10     | Noticed a two-headed ogre
  9626 | D:10     | Killed a gargoyle
  9630 | D:10     | Killed a red ugly thing
  9631 | D:10     | Gained mutation: Spells you cast may paralyse nearby
                  | enemies. [demonic ancestry]
  9631 | D:10     | Reached XP level 11. HP: 74/80 MP: 2/11
  9631 | D:10     | Killed a two-headed ogre
  9634 | D:10     | Paralysed by a hornet for 2 turns
  9645 | D:10     | Reached skill level 14 in Axes
  9659 | D:10     | Noticed a two-headed ogre
  9696 | D:10     | Killed a two-headed ogre
 10049 | Lair:1   | Entered Level 1 of the Lair of Beasts
 10094 | Lair:1   | Noticed an eight-headed hydra
 10103 | Lair:1   | Killed a four-headed hydra
 10116 | Lair:1   | Received a gift from Trog
 10288 | Lair:1   | Reached skill level 15 in Axes
 10337 | Lair:1   | Gained mutation: You are mostly covered in slimy green
                  | scales. (AC +3) [demonic ancestry]
 10337 | Lair:1   | Reached XP level 12. HP: 88/92 MP: 3/12
 11184 | Lair:2   | Reached ****** piety under Trog
 11185 | Lair:2   | Reached skill level 16 in Axes
 11696 | Lair:2   | Received a gift from Trog
 12290 | Lair:3   | Reached skill level 10 in Fighting
 12996 | Lair:3   | Gained mutation: You sometimes gain power by taking damage.
                  | [demonic ancestry]
 12996 | Lair:3   | Reached XP level 13. HP: 103/103 MP: 4/13
 13231 | Lair:4   | Found a shimmering altar of Xom.
 13293 | Lair:4   | Found a staircase to the Shoals.
 13383 | Lair:4   | Reached skill level 17 in Axes
 13594 | Lair:4   | Noticed Ceyroiss's ghost (journeyman HuWn)
 13594 | Lair:4   | Noticed Ceyroiss's ghost (journeyman HuWn)
 13595 | Lair:4   | Found a runed translucent gate.
 13595 | Lair:4   | Found a runed translucent gate.
 13595 | Lair:4   | Found a runed translucent gate.
 13617 | Lair:4   | Found a staircase to the Snake Pit.
 13830 | Lair:4   | Received a gift from Trog
 13857 | Lair:4   | You fall into a shaft and drop 1 floor!
 14955 | Lair:6   | Entered Level 6 of the Lair of Beasts
 15010 | Lair:6   | Noticed a dire elephant
 15058 | Lair:5   | Killed a dire elephant
 15334 | Lair:6   | Received a gift from Trog
 15354 | Lair:6   | Reached skill level 18 in Axes
 15445 | Lair:6   | Reached XP level 14. HP: 102/114 MP: 5/14
 15461 | Lair:6   | Found a staircase to the Slime Pits.
 16318 | Lair:3   | Identified the +8 halberd of the Ass {drain, rPois rCorr
                  | Int+5}
 16448 | D:11     | Found a staircase to the Orcish Mines.
 16728 | D:11     | Noticed Fannar
 16729 | D:11     | Identified the +2 robe "Wawosamoss" {rN+ rCorr}
 16770 | D:11     | Killed Fannar
 17342 | D:12     | Received a gift from Trog
 17448 | D:12     | Noticed a sphinx
 17456 | D:12     | Killed a sphinx
 18348 | D:13     | Reached skill level 5 in Dodging
 18417 | D:13     | Found a flagged portal.
 18441 | Bailey   | Entered a bailey
 18489 | Bailey   | Received a gift from Trog
 18773 | Bailey   | Noticed an orc warlord
 18777 | Bailey   | Received a gift from Trog
 18780 | Bailey   | Killed an orc warlord
 18847 | Bailey   | Reached skill level 5 in Armour
 18847 | Bailey   | Gained mutation: You are completely covered in slimy green
                  | scales. (AC +4, rPois) [demonic ancestry]
 18847 | Bailey   | Reached XP level 15. HP: 124/124 MP: 6/15
 18970 | D:13     | Acquired 322 gold pieces
 19112 | D:13     | Reached XP level 16. HP: 100/131 MP: 7/16
 19418 | D:13     | Noticed Azrael
 19794 | D:13     | Killed Azrael
 20129 | D:13     | Noticed Erolcha
 20129 | D:13     | Noticed Josephine
 20143 | D:13     | Killed Erolcha
 20145 | D:13     | Killed Josephine
 20789 | D:14     | Found a gate to the Vaults.
 20816 | D:14     | Noticed Snorg
 20827 | D:14     | Killed Snorg
 21196 | D:14     | Noticed Jorgrun
 21208 | D:14     | Killed Jorgrun
 21627 | Orc:1    | Entered Level 1 of the Orcish Mines
 22382 | Orc:1    | Received a gift from Trog
 22685 | Orc:2    | Entered Level 2 of the Orcish Mines
 22850 | Orc:2    | Found Feriov's Magic Scroll Emporium.
 22859 | Orc:2    | Bought a scroll of enchant armour for 112 gold pieces
 22874 | Orc:2    | Found a staircase to the Elven Halls.
 22959 | Orc:2    | Found Kifazu's Book Shop.
 23324 | Orc:2    | Found Munirpho's Assorted Antiques.
 23422 | Orc:2    | Found Qyashrug's Magic Scroll Shoppe.
 23433 | Orc:2    | Found Fumpoedd's General Store.
 23541 | Orc:2    | Received a gift from Trog
 23649 | Orc:2    | Found Opralema's Jewellery Shop.
 23967 | D:15     | Entered Level 15 of the Dungeon
 23973 | D:15     | Found a gate leading to a gauntlet.
 23982 | Gauntlet | Entered a Gauntlet
 23982 | Gauntlet | Found a transporter.
 23994 | Gauntlet | Found a transporter.
 24007 | Gauntlet | Found a transporter.
 24012 | Gauntlet | Found a transporter.
 24027 | Gauntlet | Found a transporter.
 24046 | Gauntlet | Found a transporter.
 24058 | Gauntlet | Found a transporter.
 24064 | Gauntlet | Found a transporter.
 24079 | Gauntlet | Found a transporter.
 24087 | Gauntlet | Found a large runed translucent door.
 24088 | Gauntlet | Found a large runed translucent door.
 24089 | Gauntlet | Found a large runed translucent door.
 24089 | Gauntlet | Found a large runed translucent door.
 24090 | Gauntlet | Found a runed translucent gate.
 24091 | Gauntlet | Found a transporter.
 24091 | Gauntlet | Found a runed translucent gate.
 24092 | Gauntlet | Found a runed translucent gate.
 24093 | Gauntlet | Found a large runed translucent door.
 24093 | Gauntlet | Found a large runed translucent door.
 24094 | Gauntlet | Found a large runed translucent door.
 24095 | Gauntlet | Found a large runed translucent door.
 24103 | Gauntlet | Found a transporter.
 24120 | Gauntlet | Found a transporter.
 24134 | Gauntlet | Found a large runed translucent door.
 24135 | Gauntlet | Found a large runed translucent door.
 24136 | Gauntlet | Found a large runed translucent door.
 24136 | Gauntlet | Found a large runed translucent door.
 24137 | Gauntlet | Found a runed translucent door.
 24138 | Gauntlet | Found a transporter.
 24139 | Gauntlet | Found a runed translucent door.
 24140 | Gauntlet | Found a large runed translucent door.
 24140 | Gauntlet | Found a transporter.
 24140 | Gauntlet | Found a large runed translucent door.
 24141 | Gauntlet | Found a large runed translucent door.
 24183 | Gauntlet | Found a transporter.
 24185 | Gauntlet | Found a transporter.
 24275 | Gauntlet | Found a transporter.
 24291 | Gauntlet | Found a large runed translucent door.
 24416 | Gauntlet | Paralysed by a floating eye for 2 turns
 24484 | Gauntlet | Found a transporter.
 24644 | Gauntlet | Identified the ring "Lusookh" {Fire Str+4}
 24650 | Gauntlet | Identified the +8 plate armour of the Shining Light {Str+8
                  | Int-3}
 24707 | Gauntlet | Identified the +5 acid dragon scales "Diloim" {rF- Will-
                  | rCorr Str+6 Int+9}
 24707 | Gauntlet | Identified the ring "Deinkaig" {rElec EV+4}
 24716 | Gauntlet | Reached skill level 15 in Fighting
 24773 | Gauntlet | Identified the +2 buckler of the Bull {Will+ Str+2 SInv}
 25318 | D:15     | Gained mutation: You have claws for hands. [demonic
                  | ancestry]
 25318 | D:15     | Reached XP level 17. HP: 136/143 MP: 8/17
 25599 | D:15     | Found a staircase to the Depths.
 26040 | Snake:1  | Entered Level 1 of the Snake Pit
 26049 | Snake:1  | Found Itzeoc's Armour Emporium.
 26052 | Snake:1  | Bought the +3 warlock's mirror {reflect} for 680 gold
                  | pieces
 26052 | Snake:1  | Bought the -1 helmet of the Barnacle {rC+ Will++ Str+4
                  | Slay-3} for 300 gold pieces
 26052 | Snake:1  | Found the +3 warlock's mirror {reflect}
 26124 | Snake:1  | Found a transporter.
 26126 | Snake:1  | Found a one-way gate to the infinite horrors of the Abyss.
 26126 | Snake:1  | Noticed ragnag's ghost (adept DgCj)
 26207 | Snake:1  | Received a gift from Trog
 26368 | Snake:1  | Found a transporter.
 26552 | Snake:1  | Reached skill level 5 in Shields
 27716 | Snake:1  | Found Poole's Assorted Antiques.
 28150 | Snake:2  | Received a gift from Trog
 29035 | Snake:2  | You fall into a shaft and drop 1 floor!
 29416 | Snake:2  | Found a transporter.
 29560 | Snake:2  | Noticed Dadghomedgh's ghost (adept GnWz)
 29567 | Snake:2  | Found a transporter.
 29568 | Snake:2  | Found a bloodstained altar of Trog.
 29829 | Snake:2  | Received a gift from Trog
 30604 | Snake:3  | Found a shadowy altar of Dithmenos.
 30969 | Snake:3  | Received a gift from Trog
 31400 | Snake:4  | Entered Level 4 of the Snake Pit
 31408 | Snake:4  | Gained mutation: Your presence sometimes corrodes those you
                  | injure. [demonic ancestry]
 31408 | Snake:4  | Reached XP level 18. HP: 155/155 MP: 9/18
 31875 | Snake:4  | Found a bloodstained altar of Trog.
 31893 | Snake:4  | HP: 3/155 [naga warrior (22)]
 31893 | Snake:4  | Slain by a naga

Illustrated notes

Levels and vault maps discovered:
D:1:      dpeg_arrival_tiny_f, layout_basic, minivault_24,
          palyth_stone_intersect
D:2:      layout_basic, minmay_crystal_room, st_stairs_4,
          chequers_serial_rivers_room_b
D:3:      layout_rooms, mainiacjoe_overflow_small_starburst,
          chequers_ecumenical_altar_lobes, glass_columns_c,
          chequers_serial_rivers_small_3, st_stairs_12, hangedman_decor_growths,
          nrook_campfire, corexii_corridor_pit, minmay_fractal_squares_5,
          uniq_crazy_yiuf_cottage
D:4:      layout_rooms, minmay_temple_entry_gardened_gates, minivault_24
D:5:      minmay_spotlight, layout_cave_pods
D:6:      layout_basic, portal_sewer_entry_f, nicolae_shop_overcharged_wands
D:7:      layout_basic, nicolae_tso_swordbearing_angel,
          mainiacjoe_overflow_boulevard, hex_tiny, minivault_4,
          kennysheep_path_1, eino_jars
D:8:      layout_cave_pools
D:9:      layout_loops_ring, nicolae_overflow_hidden_temple,
          grunt_lair_entry_orc_guard_hut
D:10:     hangedman_cross_stitches, layout_cave_pools,
          chequers_temple_overflow_minitemple
D:11:     layout_loops_ring, orc_0_dummy, uniq_fannar
D:12:     kennysheep_scales, layout_loops_ring
D:13:     layout_stronghold, enter_bailey_5, uniq_erolcha, uniq_azrael,
          uniq_josephine
D:14:     layout_roguey, erik_vaults_1, chequers_hall_statues_y, uniq_snorg,
          uniq_jorgrun
D:15:     grunt_enter_depths_snipers, layout_rooms,
          hangedman_decor_clover_reticule, serial_curves, eino_curves_01,
          eino_curves_04, eino_curves_04, portal_ice_cave_entry_ice_statue_two,
          gauntlet_entry_generic, st_stairs_2
Lair:1:   beast_lair_carwin_large_3, layout_regular_city, grunt_megastairs_5
Lair:2:   regret_index_bee_streams, layout_loops_ring,
          infiniplex_staircase_pool_2
Lair:3:   wander_river, layout_chaotic_city, serial_bayou_shore_a,
          minmay_lair_oklob_chamber, grunt_megastairs_1, serial_bayou_shore_b
Lair:4:   layout_misc_corridors, elwin_shoals_entry_stream,
          guppyfry_snake_entry_island, gammafunk_ghost_cemetery, basic_altar
Lair:5:   lemuel_reptile_caves, layout_gridlike
Lair:6:   gammafunk_lair_ancient_temple, layout_long_grid, slime_dummy,
          st_stairs_4, serial_bayou_pond_b
Snake:1:  layout_layer_cave, gammafunk_ghost_abyssal_escape, serial_shops,
          nicolae_shop_trees, nicolae_shop_behind_doors,
          nicolae_snake_gridmaze_spiral
Snake:2:  cheibrodos_snake_lava_hold, layout_cave_town,
          gammafunk_ghost_wrathful_warriors
Snake:3:  layout_cave_town, basic_altar, nicolae_snake_dead_anacondas
Snake:4:  grunt_snake_rune_pools, layout_onion, basic_altar
Orc:1:    layout_caves, minmay_orc_temple_c
Orc:2:    st_orc_open, layout_diamond_mine, serial_shops,
          nicolae_shop_statue_plus, nicolae_lakefront_shop

Skill      XL: |  1  2  3  4  5  6  7  8  9 10 11 12 13 14 15 16 17 |
---------------+----------------------------------------------------+-----
Axes           | 3 4 5 6 8 10 12 13 15 16 18 | 18.9
Shields        | 1 2 3 4 9 |  9.4
Dodging        | 3 4 6 8 |  8.9
Fighting       | 5 8 10 11 13 15 17 | 17.6
Armour         | 5 7 8 |  8.0

Action                   |  1- 3 |  4- 6 |  7- 9 | 10-12 | 13-15 | 16-18 || total
-------------------------+-------+-------+-------+-------+-------+-------++-------
Melee: Hand axe          |    78 |   247 |   463 |    22 |       |       ||   810
       Broad axe         |       |       |       |   527 |   841 |  1080 ||  2448
Invok: Berserk           |     2 |     3 |    15 |    15 |    15 |    20 ||    70
       Brothers in Arms  |       |       |     1 |     2 |     3 |     4 ||    10
       Trog's Hand       |       |       |       |       |     1 |       ||     1
Evoke: Wand              |       |       |       |       |     8 |       ||     8
       Condenser vane    |       |       |       |       |     2 |       ||     2
  Use: Potion            |       |     8 |     1 |     1 |     3 |     1 ||    14
       Scroll            |       |       |    13 |     7 |    12 |     9 ||    41
 Stab: Sleeping          |       |       |       |     1 |     1 |       ||     2
       Invisible         |       |       |       |       |     7 |       ||     7
       Distracted        |       |       |       |       |       |     2 ||     2
Armor: Ring mail         |    32 |   161 |    66 |       |       |       ||   259
       Leather armour    |     2 |       |       |       |       |       ||     2
       Troll leather arm |       |       |   128 |   236 |   270 |       ||   634
       Chain mail        |       |       |       |       |     4 |   124 ||   128
       Plate armour      |       |       |       |       |       |   263 ||   263
Dodge: Dodged            |    49 |   129 |   240 |   351 |   392 |   510 ||  1671
Block: Buckler           |    12 |    57 |   126 |   145 |   185 |   378 ||   903
       Reflection        |       |       |       |       |       |    30 ||    30
